 Dungeon Crawl Stone Soup version 0.23.2-1-ga50397a6bc (webtiles) character file.

Game seed: 1546577280376526297

6484 Gargoyl the Chopper (level 10, -2/83 HPs)
             Began as a Centaur Abyssal Knight on Apr 25, 2019.
             Was an Elder of Lugonu.
             Slain by a cyclops (23 damage)
             ... on level 9 of the Dungeon on Apr 26, 2019.
             The game lasted 00:18:25 (11911 turns).

Gargoyl the Chopper (Centaur Abyssal Knight)       Turns: 11911, Time: 00:18:26

Health: -2/83      AC: 19    Str: 17    XL:     10   Next: 68%
Magic:  13/13      EV:  8    Int: 11    God:    Lugonu [****..]
Gold:   456        SH: 10    Dex: 14    Spells: 9/9 levels left

rFire    . . .     SeeInvis .   u - +0 broad axe
rCold    . . .     Gourm    .   i - +3 buckler {rPois}
rNeg     . . .     Faith    .   d - +1 chain mail
rPois    +         Spirit   .   n - +2 hat {MR+}
rElec    .         Reflect  +   v - +0 cloak
rCorr    .         Harm     .   (no gloves)
MR       +....                  z - +0 centaur barding
Stlth    ..........             m - +3 amulet of reflection
HPRegen  0.23/turn              e - +4 ring of dexterity
MPRegen  0.13/turn              B - +3 ring of evasion

@: very quick
A: large, hooves 3, deformed body, speed 2, low mp 1, tough skin 3
a: Depart the Abyss, Bend Space, Banish, Corrupt, Renounce Religion


You were on level 9 of the Dungeon.
You worshipped Lugonu.
Lugonu was greatly pleased with you.
You were not hungry.

You visited 1 branch of the dungeon, and saw 9 of its levels.
You visited the Abyss 1 time.

You collected 728 gold pieces.
You spent 272 gold pieces at shops.

Inventory:

Hand Weapons
 u - a +0 broad axe (weapon)
 A - a +2 hand axe of chopping
Missiles
 w - 7 javelins (quivered)
Armour
 d - a +1 chain mail (worn)
 i - a +3 buckler of poison resistance (worn)
 n - a +2 hat of magic resistance (worn)
 v - a +0 cloak (worn)
 z - a +0 centaur barding (worn)
Jewellery
 e - a +4 ring of dexterity (left hand)
 m - a +3 amulet of reflection (around neck)
 q - an uncursed ring of positive energy
 B - a +3 ring of evasion (right hand)
Wands
 g - a wand of paralysis (10)
 r - a wand of flame (60)
Scrolls
 b - a scroll of magic mapping
 h - 4 scrolls of identify
 k - a scroll of fog
 p - 3 scrolls of amnesia
 t - 5 scrolls of remove curse
 x - a scroll of blinking
 y - a scroll of summoning
Potions
 f - 5 potions of curing
 j - a potion of magic
 l - a potion of mutation
 o - a potion of cancellation
 s - a potion of heal wounds
Comestibles
 a - a chunk of flesh
 c - 12 rations


   Skills:
 + Level 5.8 Fighting
 + Level 7.4 Axes
 * Level 7.0 Armour
 * Level 5.0 Dodging
 + Level 2.4 Shields
 * Level 7.3 Invocations
 + Level 0.3 Evocations


You had 9 spell levels left.
You didn't know any spells.
Your spell library was empty.

Dungeon Overview and Level Annotations

Branches:
Dungeon (9/15)             Temple (0/1) D:6            Lair (0/6) D:8
    Orc: D:9-12

Altars:
Cheibriados
Fedhas
Gozag
Hepliaklqana
Kikubaaqudgha
Nemelex Xobeh
Okawaru
Uskayaw
Xom
Yredelemnul

Shops:
D:4 *   D:5 [

Annotations:
Abyss:1 Harold


Innate Abilities, Weirdness & Mutations

You have hooves in place of feet.
Armour fits poorly on your strangely shaped body.
You cover ground very quickly.
You have extremely tough skin. (AC +3)
Your magical capacity is low. (-10% MP)


Message History

The cyclops is lightly wounded.
You slash the hound! The hound bites you. The cyclops hits you!
You slash the cyclops!
The cyclops is moderately wounded.
You slash the hound!
You kill the hound!
Lugonu accepts your kill. The cyclops hits you!!
Unknown command.
You slash the cyclops! You kick the cyclops!
The cyclops is severely wounded.
The cyclops hits you!!
* * * LOW HITPOINT WARNING * * *
You slash the cyclops! You kick the cyclops, but do no damage.
The cyclops is almost dead.
Unknown command.
You hit the cyclops but do no damage.
The cyclops is almost dead.
The cyclops hits you!!
You die...

#### ####... ......#
#...#################
###............(@C....#
...........(..........#
.......##############.#
#####..# #..#
#..########
#####..........
...............
.......########


You could see a cyclops.

Vanquished Creatures
  Gastronok (D:8)
  Pikel (D:6)
  Joseph (D:8)
  A spriggan (D:8)
  Eustachio (D:6)
  A hungry ghost (D:6)
  Menkaure (D:7)
  2 orc warriors
  4 ice beasts
  A slave (D:6)
  A sky beast (D:6)
  A black bear (D:6)
  A phantom (D:7)
  A centaur (D:8)
  4 ogres
  A gnoll sergeant (D:6)
  2 big kobolds
  A bullfrog (D:6)
  2 scorpions
  3 killer bees (D:6)
  4 wights (D:8)
  2 centaur zombies
  5 crimson imps
  A quasit (D:6)
  A jelly (D:7)
  A bullfrog skeleton (D:6)
  5 hounds
  Crazy Yiuf (D:5)
  4 iguanas
  4 orc wizards
  9 worker ants
  A hound zombie (D:7)
  6 gnolls
  15 adders
  An ooze (D:3)
  An adder zombie (D:8)
  An adder skeleton (D:4)
  3 worms
  2 dart slugs
  6 leopard geckos
  10 orcs
  4 bats
  2 giant cockroaches
  10 goblins
  4 hobgoblins
  11 jackals
  14 kobolds
  A quokka (D:3)
  A ball python (D:3)
  A ball python skeleton (D:4)
  5 frilled lizards
  2 leopard gecko skeletons (D:4)
  6 rats
175 creatures vanquished.

Vanquished Creatures (others)
  A killer bee (D:6)
  2 leopard geckos (D:7)
  A kobold (D:7)
4 creatures vanquished.

Grand Total: 179 creatures vanquished

Notes
Turn   | Place    | Note
-------+----------+-------------------------------------------
     0 | Abyss:1  | Gargoyl the Centaur Abyssal Knight began the quest for the
                  | Orb.
     0 | Abyss:1  | Reached XP level 1. HP: 19/19 MP: 2/2
    28 | Abyss:1  | Noticed a wretched star
    39 | Abyss:1  | Noticed a neqoxec
    50 | Abyss:1  | Noticed a small abomination
    50 | Abyss:1  | Noticed a neqoxec
    58 | Abyss:1  | Noticed a neqoxec
    61 | Abyss:1  | Noticed a tentacled starspawn
    63 | Abyss:1  | Gained mutation: Your magical capacity is low. (-10% MP) [a
                  | neqoxec]
   110 | Abyss:2  | Noticed a raiju
   111 | Abyss:2  | Noticed a raiju
   115 | Abyss:2  | Noticed a raiju
   116 | D:1      | Escaped the Abyss
   329 | D:1      | Reached XP level 2. HP: 24/26 MP: 3/3
   343 | D:1      | Reached * piety under Lugonu
   726 | D:1      | Reached skill level 1 in Dodging
   912 | D:2      | Reached XP level 3. HP: 24/31 MP: 4/4
  1133 | D:2      | Found a hide-covered altar of Uskayaw.
  1335 | D:2      | Reached XP level 4. HP: 21/38 MP: 5/5
  2224 | D:3      | Reached XP level 5. HP: 12/46 MP: 6/6
  2902 | D:3      | Found a snail-covered altar of Cheibriados.
  3052 | D:3      | Found a blossoming altar of Fedhas.
  3052 | D:3      | Found an ancient bone altar of Kikubaaqudgha.
  3297 | D:3      | Reached ** piety under Lugonu
  3823 | D:4      | Found Igaqeb's Assorted Antiques.
  3826 | D:4      | Bought a cabochon ring for 80 gold pieces
  3826 | D:4      | Bought a shield for 72 gold pieces
  3832 | D:4      | Bought a shiny buckler for 120 gold pieces
  3859 | D:4      | Noticed an ogre
  3869 | D:4      | Killed an ogre
  3869 | D:4      | Reached XP level 6. HP: 24/52 MP: 7/7
  4226 | D:4      | Found a sparkling altar of Nemelex Xobeh.
  4913 | D:4      | Found a hazy altar of Hepliaklqana.
  4926 | D:4      | Found an opulent altar of Gozag.
  5082 | D:5      | Entered Level 5 of the Dungeon
  5212 | D:5      | Reached XP level 7. HP: 49/59 MP: 8/8
  5466 | D:5      | Found Deref's Armour Shop.
  6005 | D:5      | Found a basalt altar of Yredelemnul.
  6175 | D:5      | Found a runed translucent door.
  6176 | D:5      | Noticed Crazy Yiuf
  6187 | D:5      | Killed Crazy Yiuf
  6200 | D:5      | Got a slimy mace
  6201 | D:5      | Identified the cursed +1 mace of Gallantry {speed, MR+}
                  | (You found it on level 5 of the Dungeon)
  6467 | D:6      | Reached XP level 8. HP: 43/67 MP: 10/10
  6701 | D:6      | Found an iron altar of Okawaru.
  6777 | D:6      | Noticed Eustachio
  6816 | D:6      | Killed Eustachio
  6977 | D:6      | Reached skill level 5 in Axes
  6978 | D:6      | Reached *** piety under Lugonu
  7195 | D:6      | Reached skill level 1 in Shields
  7195 | D:6      | Reached skill level 5 in Invocations
  7497 | D:6      | Got a jewelled ring mail
  7572 | D:6      | Identified the +5 ring mail of Instinct {rF- Int+9} (You
                  | found it on level 6 of the Dungeon)
  7704 | D:6      | Found a staircase to the Ecumenical Temple.
  8130 | D:6      | Reached XP level 9. HP: 65/72 MP: 11/11
  8253 | D:7      | Noticed Menkaure
  8262 | D:7      | Killed Menkaure
  8262 | D:7      | Reached skill level 5 in Armour
  8446 | D:7      | Noticed Harold
  8467 | D:7      | Noticed Pikel
  8723 | D:6      | Killed Pikel
  8723 | D:6      | Reached skill level 5 in Fighting
  9192 | D:6      | Banished Harold
  9899 | D:8      | Noticed Gastronok
 10044 | D:8      | Killed Gastronok
 10044 | D:8      | Reached XP level 10. HP: 56/81 MP: 13/13
 10311 | D:8      | Found a staircase to the Lair.
 10706 | D:8      | Found a shimmering altar of Xom.
 10845 | D:8      | Noticed Joseph
 10866 | D:8      | Killed Joseph
 10866 | D:8      | Reached skill level 5 in Dodging
 11807 | D:9      | Reached **** piety under Lugonu
 11900 | D:9      | Noticed a cyclops
 11911 | D:9      | Slain by a cyclops

Skill      XL: |  1  2  3  4  5  6  7  8  9 10 |
---------------+-------------------------------+-----
Axes           | 2 3 4 5 6 7 |  7.4
Dodging        | 1 2 3 4 5 |  5.0
Armour         | 2 3 4 6 7 |  7.0
Invocations    | 3 4 5 6 7 |  7.3
Fighting       | 4 5 |  5.8
Shields        | 1 2 |  2.4
Evocations     | |  0.3

Action                   |  1- 3 |  4- 6 |  7- 9 | 10-12 || total
-------------------------+-------+-------+-------+-------++-------
Melee: Hand axe          |    73 |   231 |   463 |   129 ||   896
       Kick              |    13 |    51 |   129 |    58 ||   251
       Broad axe         |       |       |       |    21 ||    21
Invok: Depart the Abyss  |     1 |       |       |       ||     1
       Banish            |       |       |     3 |       ||     3
       Bend Space        |       |       |     2 |       ||     2
Evoke: Wand              |       |       |     5 |       ||     5
  Use: Potion            |     5 |     1 |     3 |       ||     9
       Scroll            |       |    10 |     4 |     7 ||    21
  Eat: Chunk             |       |    11 |     7 |     5 ||    23
       Ration            |       |       |     5 |       ||     5
Armor: Chain mail        |    66 |   175 |   298 |    70 ||   609
       Skin              |       |     2 |    45 |       ||    47
Dodge: Dodged            |    17 |    45 |   132 |    46 ||   240
Block: Buckler           |       |    14 |    96 |    60 ||   170
